 Seeded DCSS version 0.27.1-1-g398f81649c (webtiles) character file.

Game seed: 15093136498747754427 (custom seed)

8619 a11behringer the Basher (level 11, -3/151 HPs)
             Began as a Troll Berserker on Sept 15, 2021.
             Was a High Priest of Trog.
             Killed by vampiric draining
             ... invoked by a vampire
              (17 damage)
             ... on level 10 of the Dungeon.
             The game lasted 00:43:31 (8613 turns).

a11behringer the Basher (Troll Berserker)           Turns: 8613, Time: 00:43:31

Health: -3/151     AC:  8    Str: 27    XL:     11   Next: 12%
Magic:  10/10      EV: 11    Int:  3    God:    Trog [*****.]
Gold:   510        SH:  5    Dex: 12    Spells: 10/10 levels left

rFire    . . .     SeeInvis +   N - +5 mace
rCold    + . .     Faith    .   (no shield)
rNeg     . . .     Spirit   .   G - +2 robe {rC+}
rPois    .         Reflect  +   b - +2 hat {SInv}
rElec    .         Harm     .   (no cloak)
rCorr    .         Rampage  .   (gloves unavailable)
Will     ++...                  (boots unavailable)
Stlth    ..........             I - amulet of reflection
HPRegen  2.35/turn              (no ring)
MPRegen  0.12/turn              (no ring)

@: berserking (expiring), strong-willed, regenerating, very quick
A: large, unfitting armour, claws 3, regeneration 1, shaggy fur 1, tough skin 1
a: Renounce Religion, Berserk, Trog's Hand, Brothers in Arms


You were on level 10 of the Dungeon.
You worshipped Trog.
Trog was extremely pleased with you.
You visited 1 branch of the dungeon, and saw 10 of its levels.
You also visited: Sewer.

You collected 510 gold pieces.

Inventory:

Hand Weapons
 a - a +0 dire flail
 i - a +0 mace of holy wrath
 j - a +3 flail of draining
 n - a +0 giant spiked club
 o - a +1 whip
 q - a +4 mace
 F - a +1 whip of freezing
 H - a +0 mace of venom
 J - a +4 flail
 K - a +0 morningstar
 N - a +5 mace (weapon)
Missiles
 c - 8 boomerangs (quivered)
 l - 5 large rocks
 C - 2 throwing nets
Armour
 b - a +2 hat of see invisible (worn)
 G - a +2 robe of cold resistance (worn)
 R - a +0 robe of willpower
Jewellery
 e - an amulet of guardian spirit
 I - an amulet of reflection (around neck)
Wands
 s - a wand of charming (8)
 L - a wand of digging (7)
 M - a wand of mindburst (7)
 O - a wand of acid (11)
 Q - a wand of iceblast (3)
 S - a wand of flame (14)
Scrolls
 r - a scroll of enchant armour
 y - a scroll of enchant weapon
 z - 5 scrolls of teleportation
 P - a scroll of fear
Potions
 d - 2 potions of attraction {unknown}
 f - a potion of heal wounds {unknown}
 g - 2 potions of might
 h - 4 potions of curing
 k - 4 potions of brilliance
 m - 3 potions of berserk rage {unknown}
 p - a potion of flight {unknown}
 t - 5 potions of mutation
 u - a potion of magic {unknown}
 v - 5 potions of invisibility
 w - 6 potions of haste
 x - 3 potions of resistance
 A - a potion of cancellation
 B - a potion of ambrosia {unknown}
 D - 3 potions of lignification
 E - 3 potions of degeneration {unknown}


   Skills:
 + Level 4.4 Fighting
 - Level 0.2 Short Blades
 - Level 0.1(0.2) Long Blades
 - Level 0.1(7.8) Axes
 + Level 13.0 Maces & Flails
 - Level 0.5(0.6) Polearms
 - Level 0.1(7.8) Staves
 * Level 5.8 Dodging
 - Level 5.2 Unarmed Combat
 - Level 0.4 Invocations
 - Level 0.1 Evocations


You had 10 spell levels left.
You didn't know any spells.
Your spell library was empty.

Dungeon Overview and Level Annotations

Branches:
Dungeon (10/15)            Temple (0/1) D:4            Lair (0/6) D:10
    Orc (0/2) D:9           Sewer (visited)

Altars:
Elyvilon
Gozag
Nemelex Xobeh
Okawaru
Sif Muna
Wu Jian
Xom
Beogh


Innate Abilities, Weirdness & Mutations

You are too large for most types of armour.
You have claws for hands.
Your natural rate of healing is unusually fast.
You are covered in fur. (AC +1)
You have tough skin. (AC +1)


Message History

The wight is almost destroyed.
The wight barely misses you.
The orc warrior hits you from afar with a +3 glaive of flaming.
The orc warrior burns you.
You hit the wight.
You destroy the wight!
Trog accepts your kill.
The orc warrior hits you with a +3 glaive of flaming!
The orc warrior burns you.
Items here: ( )))) [ †.
You closely miss the orc warrior. You closely miss the orc warrior.
The orc warrior hits you with a +3 glaive of flaming!
* * * LOW HITPOINT WARNING * * *
The orc warrior burns you!
* * * LOW HITPOINT WARNING * * *
You completely miss the orc warrior. You closely miss the orc warrior.
Your claw misses the orc warrior. You sock the two-headed ogre!
You claw the two-headed ogre!
The two-headed ogre is moderately wounded.
You sock the two-headed ogre!
The two-headed ogre is severely wounded.
The orc warrior hits you from afar with a +3 glaive of flaming!!
* * * LOW HITPOINT WARNING * * *
The orc warrior burns you.
* * * LOW HITPOINT WARNING * * *
You sock the two-headed ogre!
The two-headed ogre is almost dead.
You hit the two-headed ogre.
You kill the two-headed ogre!
Trog accepts your kill.
You closely miss the vampire.
The orc warrior hits you from afar with a +3 glaive of flaming.
* * * LOW HITPOINT WARNING * * *
The orc warrior burns you.
* * * LOW HITPOINT WARNING * * *
You sock the vampire! You claw the vampire!
The vampire is severely damaged.
The vampire draws life force from you!
You die...

#...............<...........
##..........................
#....###...................
##... #.##################
##..###.# #......# ##.##..#
# ##.###.### #..@...$#
#.##V#### #.#


Do. #.# .o#.. ..# ### ## ..# ##.# #. You could see a vampire, a steam dragon, an
orc warrior and an orc wizard.

Vanquished Creatures
  2 two-headed ogres (D:10)
  Pikel (D:4)
  Maurice (D:10)
  Psyche (D:9)
  A tengu conjurer (D:8)
  2 trolls
  A wyvern (D:4)
  3 yaks
  Eustachio (D:5)
  4 hogs
  A human (D:8)
  2 acid dragons (D:9)
  3 water moccasins
  2 orc warriors
  A black bear (D:7)
  2 necrophages
  3 ogres
  A centaur (D:10)
  A phantom (D:7)
  2 kobold brigands
  4 bullfrogs
  Blork the orc (D:5)
  3 scorpions
  16 wights
  2 howler monkeys (D:9)
  An electric eel (D:8)
  3 bullfrog zombies
  A centaur zombie (D:10)
  A jelly (D:6)
  5 orc priests
  4 hounds
  2 gnoll shamans
  3 iguanas
  Natasha (thrice) (D:2)
  5 orc wizards
  2 scorpion zombies (D:5)
  A howler monkey zombie (D:5)
  A howler monkey skeleton (D:6)
  6 adders
  13 gnolls
  5 river rats (Sewer)
  An ufetubus (D:4)
  4 worms
  A dart slug (D:1)
  30 orcs
  18 ball pythons
  5 bats
  11 endoplasms
  3 giant cockroaches
  12 hobgoblins
  2 jackals (D:2)
  5 quokkas
  6 frilled lizards
  2 goblins
  30 kobolds
  27 rats
274 creatures vanquished.

Vanquished Creatures (collateral kills)
  A komodo dragon (D:6)
  A water moccasin zombie (D:6)
  4 wights (D:6)
  An orc priest (D:10)
  A jelly (D:6)
  An orc wizard (D:10)
  3 orcs (D:10)
12 creatures vanquished.

Vanquished Creatures (others)
  3 fungi (D:2)
  12 plants
15 creatures vanquished.

Grand Total: 301 creatures vanquished

Notes
Turn   | Place    | Note
-------+----------+-------------------------------------------
     0 | D:1      | a11behringer the Troll Berserker began the quest for the
                  | Orb.
     0 | D:1      | Reached XP level 1. HP: 22/22 MP: 0/0
    61 | D:1      | Reached XP level 2. HP: 26/29 MP: 1/1
   162 | D:1      | Reached ** piety under Trog
   379 | D:1      | Reached XP level 3. HP: 36/36 MP: 2/2
   908 | D:2      | Noticed Natasha
   916 | D:2      | Killed Natasha
   930 | D:2      | Noticed Natasha
   936 | D:2      | Killed Natasha
   937 | D:2      | Reached skill level 5 in Unarmed Combat
   937 | D:2      | Reached XP level 4. HP: 44/44 MP: 3/3
  1060 | D:2      | Found a sparkling altar of Nemelex Xobeh.
  1063 | D:2      | Noticed Natasha
  1085 | D:2      | Killed Natasha
  1086 | D:2      | Reached skill level 1 in Maces & Flails
  1144 | D:2      | Reached XP level 5. HP: 50/50 MP: 4/4
  1164 | D:2      | Found a faded altar of an unknown god.
  1689 | D:3      | Noticed an ogre
  1693 | D:3      | Killed an ogre
  1694 | D:3      | Reached skill level 2 in Maces & Flails
  1856 | D:3      | Reached *** piety under Trog
  2298 | D:4      | Found a staircase to the Ecumenical Temple.
  2309 | D:4      | Noticed an ogre
  2313 | D:4      | Noticed a wyvern
  2320 | D:4      | Reached skill level 3 in Maces & Flails
  2320 | D:4      | Reached XP level 6. HP: 45/55 MP: 5/5
  2331 | D:4      | Killed a wyvern
  2332 | D:4      | Reached skill level 4 in Maces & Flails
  2342 | D:4      | Reached skill level 5 in Maces & Flails
  2342 | D:4      | Reached XP level 7. HP: 12/66 MP: 6/6
  2400 | D:4      | Found a glowing drain.
  2420 | Sewer    | Entered a sewer
  2646 | Sewer    | Reached **** piety under Trog
  3035 | D:4      | Reached skill level 6 in Maces & Flails
  3353 | D:4      | Noticed Pikel
  3377 | D:4      | Killed Pikel
  3378 | D:4      | Reached skill level 8 in Maces & Flails
  3378 | D:4      | Reached XP level 8. HP: 46/74 MP: 2/7
  3817 | D:4      | Found a shimmering blue altar of Sif Muna.
  3817 | D:4      | Found an iron altar of Okawaru.
  3825 | D:4      | Found an ornate altar of the Wu Jian Council.
  3827 | D:4      | Found a shimmering altar of Xom.
  3829 | D:4      | Found an opulent altar of Gozag.
  3875 | D:5      | Entered Level 5 of the Dungeon
  3885 | D:5      | Noticed Eustachio
  3906 | D:5      | Killed Eustachio
  4173 | D:5      | Noticed Blork the orc
  4179 | D:5      | Killed Blork the orc
  4180 | D:5      | Reached skill level 9 in Maces & Flails
  4997 | D:6      | Noticed a komodo dragon
  5007 | D:6      | Reached XP level 9. HP: 73/79 MP: 6/8
  5010 | D:6      | Killed a komodo dragon
  5013 | D:6      | Reached skill level 10 in Maces & Flails
  5676 | D:7      | Reached skill level 11 in Maces & Flails
  6571 | D:8      | Noticed a troll
  6586 | D:8      | Killed a troll
  6587 | D:8      | Reached skill level 12 in Maces & Flails
  6702 | D:8      | Noticed a tengu conjurer
  6714 | D:8      | Killed a tengu conjurer
  6715 | D:8      | Reached XP level 10. HP: 88/88 MP: 9/9
  6769 | D:8      | Identified the +3 scale mail of the Final Suns {MP+9}
  6837 | D:8      | Found a white marble altar of Elyvilon.
  7132 | D:8      | Reached ***** piety under Trog
  7692 | D:9      | Found a staircase to the Orcish Mines.
  8019 | D:9      | Noticed Psyche
  8037 | D:9      | Killed Psyche
  8471 | D:10     | Entered Level 10 of the Dungeon
  8477 | D:10     | Noticed Maurice
  8511 | D:10     | Killed Maurice
  8512 | D:10     | Reached skill level 5 in Dodging
  8542 | D:10     | Found a staircase to the Lair.
  8588 | D:10     | Noticed a two-headed ogre
  8595 | D:10     | Noticed a two-headed ogre
  8599 | D:10     | Killed a two-headed ogre
  8600 | D:10     | Reached skill level 13 in Maces & Flails
  8600 | D:10     | Reached XP level 11. HP: 65/101 MP: 10/10
  8611 | D:10     | Killed a two-headed ogre
  8613 | D:10     | Killed from afar by a vampire

Illustrated notes

Levels and vault maps discovered:
D:1:      lightli_arrival_statuegarden, layout_loops_ring, hex_medium
D:2:      layout_loops_ring, shapermc_ecumenical_altar_mp_urbaneastern,
          basic_altar, uniq_natasha
D:3:      layout_loops_ring
D:4:      minmay_chambers_of_twos, layout_basic,
          chequers_temple_overflow_minitemple, temple_pool_b,
          cheibrodos_sewer_entry_drain, st_stairs_4,
          hangedman_abyss_or_decor_jellyfish_corner, uniq_pikel
D:5:      layout_loops_corners, grunt_ministairs_4, uniq_eustachio,
          uniq_blork_the_orc
D:6:      layout_rooms, grunt_ministairs_4, dk_noncrumbling_4
D:7:      layout_basic
D:8:      layout_rooms, nicolae_elyvilon_temple_path, grunt_livestock,
          kennysheep_just_a_vault
D:9:      layout_basic, minmay_orc_entry_temple_small, mrwooster_statue_mirror,
          uniq_psyche
D:10:     minmay_the_grid_3x3 [minmay_the_grid_embedded,
          minmay_the_grid_broken_lines, minmay_the_grid_tri_star,
          minmay_the_grid_dragon_a, minmay_the_grid_outer_circle,
          minmay_the_grid_all_tris, minmay_the_grid_spin_star,
          minmay_the_grid_minigrid_small, minmay_the_grid_prize_four_corners],
          layout_rooms, gammafunk_ghost_wrathful_warriors, grunt_ministairs_12,
          grunt_decor_fettered, uniq_maurice

Skill      XL: |  1  2  3  4  5  6  7  8  9 10 |
---------------+-------------------------------+-----
Unarmed Combat | 4 5 |  5.2
Maces & Flails | 1 3 5 8 9 12 13 | 13.0
Dodging        | 5 |  5.8
Fighting       | 4 |  4.4
Short Blades   | |  0.2
Long Blades    | |  0.1
Axes           | |  0.1
Polearms       | |  0.5
Staves         | |  0.1
Invocations    | |  0.4
Evocations     | |  0.1

Action                   |  1- 3 |  4- 6 |  7- 9 | 10-12 || total
-------------------------+-------+-------+-------+-------++-------
Melee: Unarmed           |    96 |   123 |   127 |       ||   346
       Punch             |       |     2 |    17 |     9 ||    28
       Whip              |       |       |   232 |       ||   232
       Mace              |       |       |   149 |   223 ||   372
Invok: Trog's Hand       |       |     1 |     6 |     6 ||    13
       Berserk           |       |       |     7 |     6 ||    13
       Brothers in Arms  |       |       |     1 |     1 ||     2
  Use: Scroll            |       |     2 |    17 |     1 ||    20
       Potion            |       |       |     3 |       ||     3
 Stab: Sleeping          |     1 |       |       |       ||     1
Armor: Animal skin       |    29 |    32 |    97 |       ||   158
       Robe              |       |       |    82 |    54 ||   136
       Skin              |       |       |     5 |       ||     5
Dodge: Dodged            |    42 |    61 |   260 |   100 ||   463
Block: Other             |       |       |    25 |    41 ||    66
       Reflection        |       |       |     2 |       ||     2
